 Dungeon Crawl Stone Soup version 0.22.1-2-g9c5b331 (webtiles) character file.

3752 Lilu the Destroyer (level 9, -7/50 (52) HPs)
             Began as a Deep Elf Conjurer on Nov 14, 2018.
             Was a Believer of Vehumet.
             Mangled by Harold
             ... wielding a +0 scimitar
              (17 damage)
             ... on level 7 of the Dungeon.
             The game lasted 00:39:06 (11809 turns).

Lilu the Destroyer (Deep Elf Conjurer)             Turns: 11809, Time: 00:39:07

HP:   -7/50 (52)    AC:  7    Str:  5    XL:     9   Next: 93%
MP:   11/23         EV: 16    Int: 24    God:    Vehumet [**....]
Gold: 512           SH:  0    Dex: 15    Spells: 16/24 levels left

rFire    + . .     SeeInvis .   L - +5 long sword of Cezud {chaos, rPois rF+}
rCold    + . .     Gourm    .   (no shield)
rNeg     . . .     Faith    .   w - +3 leather armour
rPois    +         Spirit   .   b - +0 helmet
rElec    .         Reflect  .   (no cloak)
rCorr    .         Harm     .   (no gloves)
MR       .....                  (no boots)
Stlth    ++........             (no amulet)
HPRegen  0.16/turn              J - ring of protection from cold
MPRegen  0.18/turn              (no ring)

@: no status effects
A: no striking features
a: Renounce Religion


You were on level 7 of the Dungeon.
You worshipped Vehumet.
Vehumet was pleased with you.
You were not hungry.

You visited 2 branches of the dungeon, and saw 11 of its levels.
You also visited: Sewer and Ossuary.

You collected 512 gold pieces.

Inventory:

Hand Weapons
 y - a +0 shortbow
 L - the +5 long sword of Cezud (weapon) {chaos, rPois rF+}
   (You found it on level 8 of the Dungeon)

   Each time it hits an enemy it has a different, random effect.
   It protects you from fire.
   It protects you from poison.
 Q - the +1 morningstar of Evolution {crush, rC++ SInv}
   (You found it on level 9 of the Dungeon)

   It inflicts extra damage upon your enemies.
   It greatly protects you from cold.
   It lets you see invisible.
Missiles
 A - 87 arrows
 O - 2 poisoned tomahawks (quivered)
Armour
 b - a +0 helmet (worn)
 w - a +3 leather armour (worn)
Jewellery
 i - an uncursed ring of ice
 J - a ring of protection from cold (left hand)
Wands
 t - a wand of disintegration (19)
 D - a wand of acid (5)
 F - a wand of enslavement (16)
 H - a wand of iceblast (26)
 M - a wand of flame (22)
 N - a wand of paralysis (15)
Scrolls
 e - a scroll of random uselessness {unknown}
 f - 8 scrolls of remove curse
 g - 5 scrolls of teleportation
 k - a scroll of vulnerability {unknown}
 m - 2 scrolls of enchant weapon
 n - 4 scrolls of magic mapping
 o - 2 scrolls of enchant armour
 u - a scroll of immolation {unknown}
 v - a scroll of acquirement {unknown}
 B - a scroll of amnesia {unknown}
 C - a scroll of noise {unknown}
 G - a scroll of blinking {unknown}
 I - 2 scrolls of fog {unknown}
 K - 2 scrolls of identify
Potions
 a - 2 potions of brilliance {unknown}
 d - a potion of cancellation {unknown}
 h - 3 potions of heal wounds
 j - a potion of lignification {unknown}
 l - 3 potions of haste
 p - 5 potions of curing {unknown}
 q - 2 potions of ambrosia
 s - 2 potions of might
 x - 4 potions of magic
 z - a potion of flight {unknown}
 E - a potion of agility
Comestibles
 c - 18 rations
 r - 3 chunks of flesh


   Skills:
 + Level 4.0 Fighting
 - Level 2.0 Armour
 - Level 8.0 Dodging
 - Level 2.4 Stealth
 - Level 8.0 Spellcasting
 * Level 10.9 Conjurations
 + Level 3.9 Poison Magic


You had 16 spell levels left.
You knew the following spells:

 Your Spells              Type           Power        Failure   Level  Hunger
a - Magic Dart            Conj           ####         1%          1    None
b - Searing Ray           Conj           ######       1%          2    None
c - Venom Bolt            Conj/Pois      #####.....   14%         5    #####..

Your spell library contained the following spells:

 Spells                   Type           Power        Failure   Level  Hunger
 Sandblast                Erth           #.....       11%         1    None
 Sting                    Conj/Pois      ####         1%          1    None
 Iskenderun's Mystic Bla  Conj           ######..     1%          4    ##.....
 Dazzling Spray           Conj/Hex       #####.       3%          3    None
 Mephitic Cloud           Conj/Pois/Air  ####....     4%          3    None
 Poisonous Vapours        Pois/Air       ###...       7%          2    None
 Beastly Appendage        Tmut           #.....       11%         1    None
 Force Lance              Conj/Tloc      #####...     11%         4    ##.....
 Fulminant Prism          Conj/Hex       #####.....   11%         4    ##.....
 Spider Form              Tmut/Pois      ###.......   14%         3    None
 Sticks to Snakes         Tmut           #.......     16%         2    None
 Olgreb's Toxic Radiance  Pois           ####....     22%         4    ##.....
 Ice Form                 Ice/Tmut       #.......     71%         4    ##.....
 Blade Hands              Tmut           #.........   96%         5    #####..


Dungeon Overview and Level Annotations

Branches:
Dungeon (10/15)            Temple (1/1) D:6
   Lair: D:8-11         Orc: D:9-12

Altars:
Ashenzari
Cheibriados
Dithmenos
Elyvilon
Fedhas
Gozag
Hepliaklqana
Kikubaaqudgha
Makhleb
Nemelex Xobeh
Okawaru
Qazlal
Ru
Sif Muna
Trog
Uskayaw
Vehumet
Wu Jian
Xom
Yredelemnul
Zin
The Shining One

Annotations:
D:7 Harold


Message History

Harold hits you with a scimitar.
You completely miss Harold.
Harold is almost dead.
Harold hits you with a scimitar! x2
* * * LOW HITPOINT WARNING * * *
Casting: Venom Bolt (slightly dangerous; 14% risk of failure)
Confirm with . or Enter, or press ? or * to list all spells.
Aiming: Searing Ray (safe; 1% risk of failure)
Press: ? - help, Shift-Dir - straight line, f/p - Harold
Aim: Harold, wielding a scimitar and wearing a glowing chain mail (almost dead, The searing ray misses Harold. (Press . to maintain the ray.)
The searing ray hits Harold.
Harold is almost dead.
Harold looks more healthy.
Harold hits you with a scimitar.
* * * LOW HITPOINT WARNING * * *
The searing ray hits Harold.
Harold is almost dead.
Harold hits you with a scimitar!
You die...

####.....###.#.#######.#### #o##
#..........#.#.##.........####o##
#.##...o.#........###.....o....##
#.###..o@.@o.#.........##.#######
#.####n#########..####.##.# #
#......# #..# #.##.# # #..#####
#..####..#.# # #..# #@.........#
# .o.# #@######.### .#.#######
#.# #.# # .#.......# ###.#
####.####### # .#######.# #...#
#..........# # .# #.# #.###
#.##.#####.# # .# #.# #.# #.##.#
#.# # .# #.# #.# ###.##.## ##.###
.# ###.#####.###..<....###...##
)# #..................>........


You could see Harold.

Vanquished Creatures
  Prince Ribbit (D:9)
  A troll (D:9)
  2 orc warriors
  3 ice beasts
  2 necrophages
  3 ogres
  2 centaurs
  2 big kobolds
  A bullfrog (D:6)
  11 scorpions
  6 killer bees
  A killer bee (shapeshifter) (D:9)
  A howler monkey (D:5)
  2 centaur zombies (Ossuary)
  3 crimson imps
  A human zombie (Ossuary)
  4 jellies
  An orc priest (D:9)
  4 bullfrog skeletons
  3 hounds
  2 orc wizards
  2 iguanas
  7 worker ants
  2 big kobold zombies (Ossuary)
  2 mummies (Ossuary)
  A howler monkey zombie (D:6)
  14 adders
  A howler monkey skeleton (D:6)
  A river rat (D:4)
  3 scorpion zombies (Ossuary)
  2 shadow imps
  An ooze (Sewer)
  An adder zombie (D:7)
  7 worms
  7 leopard geckos
  11 orcs
  2 ball pythons
  5 giant cockroaches
  4 goblins
  5 hobgoblins
  13 jackals
  18 kobolds
  3 quokkas
  A ball python zombie (D:5)
  3 bats
  7 frilled lizards
  4 goblin zombies (Ossuary)
  A hobgoblin zombie (Ossuary)
  A kobold zombie (Ossuary)
  2 orc zombies (Ossuary)
  8 rats
  A butterfly (D:6)
196 creatures vanquished.

Vanquished Creatures (others)
  A mummy (Ossuary)
1 creature vanquished.

Grand Total: 197 creatures vanquished

Notes
Turn   | Place    | Note
-------+----------+-------------------------------------------
     0 | D:1      | Lilu the Deep Elf Conjurer began the quest for the Orb.
     0 | D:1      | Reached XP level 1. HP: 10/10 MP: 6/6
   224 | D:1      | Reached XP level 2. HP: 15/15 MP: 6/8
  1071 | D:2      | Learned a level 2 spell: Searing Ray
  1169 | D:2      | Reached skill level 5 in Conjurations
  1199 | D:2      | Reached XP level 3. HP: 19/19 MP: 5/10
  1872 | D:3      | Reached XP level 4. HP: 24/24 MP: 9/11
  2718 | D:4      | Reached XP level 5. HP: 26/28 MP: 8/13
  2830 | D:4      | Reached skill level 6 in Conjurations
  3074 | D:4      | Found a glowing drain.
  3130 | Sewer    | Entered a sewer
  3252 | Sewer    | Reached XP level 6. HP: 32/32 MP: 8/15
  3416 | Sewer    | Reached skill level 5 in Spellcasting
  4143 | D:4      | Found a stormy altar of Qazlal.
  4230 | D:5      | Entered Level 5 of the Dungeon
  4282 | D:4      | Reached skill level 7 in Conjurations
  4438 | D:5      | Reached skill level 5 in Dodging
  4438 | D:5      | Reached XP level 7. HP: 9/36 MP: 7/17
  4974 | D:5      | Found an opulent altar of Gozag.
  5059 | D:5      | Found a deep blue altar of Sif Muna.
  5183 | D:5      | Found an ornate altar of the Wu Jian Council.
  5414 | D:6      | Reached skill level 8 in Conjurations
  5538 | D:6      | Reached XP level 8. HP: 41/41 MP: 11/20
  5700 | D:6      | Found a white marble altar of Elyvilon.
  6068 | D:6      | Found a staircase to the Ecumenical Temple.
  6083 | Temple   | Entered the Ecumenical Temple
  6386 | D:6      | Found a radiant altar of Vehumet.
  6391 | D:6      | Became a worshipper of Vehumet
  6469 | D:6      | Found a glowing silver altar of Zin.
  6781 | D:7      | Noticed Harold
  7383 | D:7      | Found a sand-covered staircase.
  7388 | Ossuary  | Entered an ossuary
  7662 | Ossuary  | Reached skill level 1 in Fighting
  7662 | Ossuary  | Reached skill level 1 in Armour
  7848 | Ossuary  | Reached * piety under Vehumet
  7848 | Ossuary  | Offered knowledge of Shock by Vehumet.
  7912 | Ossuary  | Reached skill level 9 in Conjurations
  8113 | Ossuary  | Reached XP level 9. HP: 48/48 MP: 19/23
  8592 | D:7      | Found an ancient bone altar of Kikubaaqudgha.
  8616 | D:7      | Learned a level 5 spell: Venom Bolt
  9096 | D:8      | Got a smoking long sword
  9110 | D:8      | Identified the +5 long sword of Cezud {chaos, rPois rF+}
                  | (You found it on level 8 of the Dungeon)
  9217 | D:8      | Found a basalt altar of Yredelemnul.
  9493 | D:8      | Reached skill level 1 in Poison Magic
  9921 | D:9      | Noticed Prince Ribbit
  9928 | D:9      | Killed Prince Ribbit
  9942 | D:9      | Noticed a troll
 10013 | D:9      | Killed a troll
 10013 | D:9      | Reached skill level 10 in Conjurations
 10498 | D:9      | Got an ivory morningstar
 10499 | D:9      | Identified the +1 morningstar of Evolution {crush, rC++
                  | SInv} (You found it on level 9 of the Dungeon)
 11144 | D:9      | Reached ** piety under Vehumet
 11651 | D:10     | Entered Level 10 of the Dungeon
 11722 | D:7      | Offered knowledge of Sandblast by Vehumet.
 11809 | D:7      | Mangled by Harold

Skill      XL: |  1  2  3  4  5  6  7  8  9 |
---------------+----------------------------+-----
Dodging        | 3 4 5 6 8 |  8.0
Conjurations   | 5 6 7 8 9 10 | 10.9
Spellcasting   | 4 5 7 8 |  8.0
Fighting       | 1 4 |  4.0
Armour         | 1 2 |  2.0
Poison Magic   | 3 |  3.9
Stealth        | |  2.4

Action                   |  1- 3 |  4- 6 |  7- 9 || total
-------------------------+-------+-------+-------++-------
Melee: Flail             |       |    69 |     1 ||    70
       Shortbow          |       |       |     1 ||     1
       Long sword        |       |       |    87 ||    87
       Morningstar       |       |       |     2 ||     2
 Fire: Shortbow          |       |       |   151 ||   151
Throw: Stone             |     1 |     6 |       ||     7
 Cast: Magic Dart        |    57 |    44 |    44 ||   145
       Searing Ray       |       |    21 |    72 ||    93
       Venom Bolt        |       |       |     2 ||     2
  Use: Scroll            |       |       |    11 ||    11
 Stab: Petrified         |       |       |    11 ||    11
       Petrifying        |       |       |     2 ||     2
       Sleeping          |       |       |     2 ||     2
  Eat: Chunk             |     3 |     8 |    13 ||    24
       Ration            |       |       |     3 ||     3
Armor: Robe              |     1 |     4 |       ||     5
       Leather armour    |       |    22 |    61 ||    83
Dodge: Dodged            |    11 |    74 |   187 ||   272
       Rpst.: Long sword |       |       |    31 ||    31
